[Event "Titled Tuesday Blitz July 25 Early 2023"]
[White "Shapiro, Viktor"]
[Black "Timmermans, Mark"]
[WhiteFideId "4175700"]
[BlackFideId "1026399"]
[WhiteElo "2519"]
[BlackElo "2732"]
[Result "1/2-1/2"]
[Round "6"]
[TimeControl "180+2"]
[Date "2023.07.25"]
[WhiteClock "0:00:20"]
[BlackClock "0:00:08"]
[Board "73"]

1. c4 Nf6 2. Nc3 e5 3. g3 d5 4. cxd5 Nxd5 5. Bg2 Nb6 6. Nf3 Nc6 7. d3 Be7 8. O-O O-O 9. a3 Be6 10. Rb1 f6 11. b4 Qd7 12. Ne4 Nd5 13. Bb2 b6 14. d4 f5 15. Neg5 e4 16. Nxe6 Qxe6 17. Nd2 Rfd8 18. e3 a5 19. b5 Na7 20. Qb3 Kf7 21. Nc4 Bf6 22. f3 Nxe3 23. Qxe3 Qxc4 24. fxe4 Bxd4 25. Rxf5+ Kg8 26. Bxd4 Qxd4 27. Qxd4 Rxd4 28. e5 Re8 29. e6 Nc8 30. Rc1 Nd6 31. Re5 Re7 32. Bd5 g6 33. Bc6 Kg7 34. Rf1 Nc4 35. Re2 Rd6 36. Bd7 Rd5 37. a4 Ne5 38. Bc8 Nd3 39. Rf7+ Rxf7 40. exf7 Ne5 41. Be6 Rd1+ 42. Kg2 Nxf7 43. Rc2 Ng5 44. Rxc7+ Kf6 45. Bc8 Rd2+ 46. Kf1 Nf3 47. Bb7 Nxh2+ 48. Ke1 Rd6 49. Rxh7 Ng4 50. Rc7 Ne5 51. Be4 Nd7 52. Rc6 Ke5 53. Bxg6 Nc5 54. Rxd6 Kxd6 55. Bc2 Ke5 56. Kf2 Ne6 57. Ke3 Nd4 58. Bd1 Nf5+ 59. Kf3 Nd6 60. Kg4 Ne4 61. Bf3 Nc3 62. Kg5 Nxa4 63. Kh6 Nc3 64. g4 a4 65. g5 a3 66. g6 a2 67. g7 a1=Q 68. g8=Q Qc1+ 69. Kh5 Qf4 70. Qg7+ Kd6 71. Bg4 Nxb5 72. Qd7+ Kc5 73. Qe7+ Qd6 74. Qe3+ Qd4 75. Qe7+ Qd6 76. Qe3+ Nd4 77. Qa3+ Kc6 78. Qa8+ Kc7 79. Qa7+ Kc6 80. Qa8+ Kc7 81. Qa7+ Kc6 82. Qa8+ 1/2-1/2


[Site "https://www.chess.com"]

[Event "Titled Tuesday Blitz July 25 Early 2023"]
[White "De Silva, L M S T"]
[Black "Jaskolka, Tomasz"]
[WhiteFideId "9953698"]
[BlackFideId "1170791"]
[WhiteElo "2730"]
[BlackElo "2517"]
[Result "0-1"]
[Round "6"]
[TimeControl "180+2"]
[Date "2023.07.25"]
[WhiteClock "0:00:04"]
[BlackClock "0:00:08"]
[Board "74"]

1. e4 d5 2. exd5 Nf6 3. Nc3 Nxd5 4. Nf3 Nxc3 5. bxc3 g6 6. d4 Bg7 7. Bd3 O-O 8. O-O c5 9. Bb2 Nc6 10. Be4 Bg4 11. h3 Bxf3 12. Qxf3 cxd4 13. Rfd1 e5 14. cxd4 Qb6 15. Bxc6 Qxb2 16. Bxb7 Rab8 17. Rab1 Qxc2 18. d5 e4 19. Qb3 Qc5 20. d6 Rfd8 21. d7 Qe7 22. Qd5 e3 23. fxe3 Qxe3+ 24. Kh1 Qg3 25. Rb3 Qe5 26. Qc6 Qe2 27. Rbd3 Be5 28. Qd5 Bc7 29. Qf3 Qe5 30. g3 Kg7 31. h4 h5 32. Kg2 Qb2+ 33. Kh3 Qxb7 34. Rd5 Qb6 35. Qc3+ Qf6 36. Qd3 Qe6+ 37. Kh2 Rb2+ 38. Kg1 Bb6+ 39. Rd4 Bxd4+ 40. Qxd4+ Qf6 41. Qxa7 Qf3 42. Qd4+ Qf6 43. Qa7 Re2 44. Rf1 Qe6 45. Qd4+ Qe5 46. Qc4 Qe3+ 47. Kh1 Qe4+ 48. Qxe4 Rxe4 49. a4 Re7 50. a5 Rdxd7 0-1


[Site "https://www.chess.com"]

[Event "Titled Tuesday Blitz July 25 Early 2023"]
[White "only_strong_moves"]
[Black "Amilal Munkhdalai"]
[BlackFideId "4903250"]
[WhiteElo "2517"]
[BlackElo "2728"]
[Result "1-0"]
[Round "6"]
[TimeControl "180+2"]
[Date "2023.07.25"]
[WhiteClock "0:00:18"]
[BlackClock "0:01:16"]
[Board "75"]

1. d4 Nf6 2. Nc3 d5 3. Bf4 c6 4. e3 Bg4 5. f3 Bf5 6. g4 Bg6 7. h4 h5 8. g5 Nfd7 9. Bd3 Bxd3 10. Qxd3 g6 11. Nge2 Bg7 12. O-O-O O-O 13. e4 e6 14. Bd6 Re8 15. Rhe1 b5 16. exd5 exd5 17. Nf4 Nb6 18. Nxg6 fxg6 19. Qxg6 N8d7 20. Qxh5 Nc4 21. Bg3 Rxe1 22. Rxe1 Qf8 23. Re6 Qb4 24. Be1 Qxb2+ 25. Kd1 Qa1+ 26. Ke2 Qc1 27. Re7 Qxc2+ 28. Kf1 Nf8 29. Qf7+ 1-0


[Site "https://www.chess.com"]

[Event "Titled Tuesday Blitz July 25 Early 2023"]
[White "Dehtiarov, Roman"]
[Black "ATM622"]
[WhiteFideId "14186640"]
[WhiteElo "2728"]
[BlackElo "2513"]
[Result "0-1"]
[Round "6"]
[TimeControl "180+2"]
[Date "2023.07.25"]
[WhiteClock "0:00:00"]
[BlackClock "0:00:04"]
[Board "76"]

1. c4 e5 2. g3 f5 3. Bg2 Nf6 4. Nc3 g6 5. d3 Bg7 6. e3 O-O 7. Nge2 c6 8. O-O Kh8 9. f4 d6 10. b3 Nbd7 11. Bb2 Ng4 12. Qd2 Qb6 13. d4 Nxe3 14. Qxe3 exd4 15. Nxd4 Qxd4 16. Qxd4 Bxd4+ 17. Kh1 Nf6 18. Rad1 c5 19. Rxd4 cxd4 20. Nb5 a5 21. a4 Kg8 22. Bxd4 Ne4 23. Re1 Bd7 24. Bxe4 fxe4 25. Nxd6 Bc6 26. Kg1 Rad8 27. Be5 Rd7 28. c5 Bd5 29. Re3 h6 30. Kf2 g5 31. Rc3 gxf4 32. gxf4 Kh7 33. Ke3 Rg8 34. Kd4 Bc6 35. Rg3 Rxg3 36. hxg3 Rd8 37. Ke3 Bd5 38. f5 Rd7 39. f6 Bxb3 40. Nxe4 Bxa4 41. Bc3 Bc2 42. Nd6 Bb3 43. Kd4 a4 44. Ke5 Kg6 45. g4 a3 46. Bd4 a2 47. Ba1 Bg8 0-1


[Site "https://www.chess.com"]

[Event "Titled Tuesday Blitz July 25 Early 2023"]
[White "Mayank Chakraborty"]
[Black "Kaplan, Avi Harrison"]
[WhiteFideId "25659766"]
[BlackFideId "30934559"]
[WhiteElo "2726"]
[BlackElo "2513"]
[Result "1-0"]
[Round "6"]
[TimeControl "180+2"]
[Date "2023.07.25"]
[WhiteClock "0:01:10"]
[BlackClock "0:00:03"]
[Board "77"]

1. d4 Nf6 2. c4 a6 3. Nc3 b5 4. cxb5 axb5 5. Nxb5 e5 6. dxe5 Ne4 7. Qd4 Bb7 8. e3 Bc5 9. Qc4 O-O 10. Nf3 Qe7 11. Bd3 Bb4+ 12. Ke2 Nc5 13. Qxb4 Nc6 14. Qh4 Nxd3 15. Qxe7 Nxc1+ 16. Rhxc1 Nxe7 17. Rxc7 Ba6 18. Nd4 Rfb8 19. Rc5 Nc6 20. Kf3 Nxd4+ 21. Nxd4 Rxb2 22. Rc2 Rb4 23. Kg3 g6 24. f4 Bd3 25. Rc3 Be4 26. Rb3 Rc4 27. a4 Raxa4 28. Rxa4 Rxa4 29. Rb2 Ra3 30. Kf2 Kg7 31. Nb5 Rd3 32. Nd6 Bc6 33. Ne8+ Kf8 34. Nf6 Kg7 35. g4 d6 36. Rb8 dxe5 37. g5 Rd2+ 38. Ke1 Rd8 39. Rxd8 Be8 40. Rxe8 h5 41. Rg8# 1-0


[Site "https://www.chess.com"]

[Event "Titled Tuesday Blitz July 25 Early 2023"]
[White "realmadridfc123"]
[Black "NigelDwarf"]
[WhiteElo "2716"]
[BlackElo "2511"]
[Result "0-1"]
[Round "6"]
[TimeControl "180+2"]
[Date "2023.07.25"]
[WhiteClock "0:01:17"]
[BlackClock "0:01:20"]
[Board "78"]

1. c4 Nf6 2. Nc3 g6 3. e4 d6 4. d4 Bg7 5. Be3 Ng4 6. Bf4 e5 7. dxe5 Nxe5 8. Be2 Be6 9. Bxe5 Bxe5 10. Nf3 Bg7 11. O-O Nc6 12. Rc1 Ne5 13. Nd2 h5 14. f4 Ng4 15. Bxg4 Bd4+ 16. Kh1 hxg4 17. g3 Qf6 18. Qe2 O-O-O 19. f5 gxf5 20. exf5 Rxh2+ 21. Qxh2 Rh8 0-1


[Site "https://www.chess.com"]

[Event "Titled Tuesday Blitz July 25 Early 2023"]
[White "Kuznetsova, Olga"]
[Black "Darini, Pouria"]
[WhiteFideId "4191323"]
[BlackFideId "12502200"]
[WhiteElo "2511"]
[BlackElo "2714"]
[Result "0-1"]
[Round "6"]
[TimeControl "180+2"]
[Date "2023.07.25"]
[WhiteClock "0:00:23"]
[BlackClock "0:02:04"]
[Board "79"]

1. d4 Nf6 2. Bf4 e6 3. e3 d5 4. Nd2 c5 5. c3 Nc6 6. Bd3 Bd6 7. Bg3 e5 8. dxc5 Bxc5 9. e4 O-O 10. Ngf3 Re8 11. Qe2 Bg4 12. h3 Bh5 13. Bh4 Bg6 14. exd5 e4 15. Nxe4 Qxd5 16. Bxf6 Bxe4 17. O-O-O gxf6 18. Bc4 Qf5 19. Nh4 Qf4+ 20. Qd2 Qxh4 21. Rhe1 Rad8 0-1


[Site "https://www.chess.com"]

[Event "Titled Tuesday Blitz July 25 Early 2023"]
[White "Khamdamova, Afruza"]
[Black "Goltsev, Dmitry"]
[WhiteFideId "14210444"]
[BlackFideId "24176710"]
[WhiteElo "2509"]
[BlackElo "2714"]
[Result "1-0"]
[Round "6"]
[TimeControl "180+2"]
[Date "2023.07.25"]
[WhiteClock "0:00:12"]
[BlackClock "0:00:02"]
[Board "80"]

1. e4 e6 2. d4 d5 3. Nd2 c5 4. Ngf3 Nf6 5. exd5 exd5 6. Bb5+ Nc6 7. O-O Be7 8. dxc5 Bxc5 9. Re1+ Be6 10. Nb3 Bb6 11. Nbd4 O-O 12. Bxc6 bxc6 13. Nxc6 Qd6 14. Ncd4 Bg4 15. c3 Ne4 16. h3 Bh5 17. Be3 f5 18. Nb5 Qd7 19. a4 a6 20. Bxb6 axb5 21. a5 Rf6 22. Ne5 Qe8 23. Qxd5+ Kh8 24. f3 Rd6 25. Qb3 Qxe5 26. fxe4 fxe4 27. Bd4 Qg5 28. Kh1 Rg6 29. Rg1 Qg3 30. Qd5 Rf8 31. Qxh5 e3 32. Qe5 Qh4 33. Qxe3 Rg3 34. Qe6 h6 35. Raf1 Rd8 36. Rf7 Rd6 37. Rf8+ Kh7 38. Qxd6 b4 39. Qe5 bxc3 40. bxc3 h5 41. Qf5+ Rg6 42. Rh8+ Kxh8 43. Qxg6 Qe7 44. a6 h4 45. a7 Qb7 46. a8=Q+ Qxa8 47. Qxg7# 1-0


[Site "https://www.chess.com"]

[Event "Titled Tuesday Blitz July 25 Early 2023"]
[White "Turzo, Attila"]
[Black "Williams, Simon K"]
[WhiteFideId "704954"]
[BlackFideId "404454"]
[WhiteElo "2508"]
[BlackElo "2712"]
[Result "0-1"]
[Round "6"]
[TimeControl "180+2"]
[Date "2023.07.25"]
[WhiteClock "0:00:00"]
[BlackClock "0:00:10"]
[Board "81"]

1. d4 e6 2. c4 b6 3. a3 c5 4. d5 exd5 5. cxd5 d6 6. Nc3 Nf6 7. Nf3 g6 8. Nd2 Bg7 9. e4 O-O 10. Be2 Nbd7 11. O-O Re8 12. a4 a6 13. Qc2 Nh5 14. Nc4 Ne5 15. Na3 Qh4 16. Be3 Nf4 17. f3 f5 18. g3 Nxe2+ 19. Qxe2 Qh5 20. exf5 Bxf5 21. g4 Bxg4 22. fxg4 Nxg4 23. Nc2 Bd4 24. Nd1 Re5 25. Qd2 Rae8 26. Ra3 b5 27. axb5 axb5 28. Kh1 b4 29. Rd3 Qh3 30. Re1 Bxe3 31. Ncxe3 Qf3+ 32. Qg2 Qf4 33. Qxg4 Qxg4 34. Nxg4 Rxe1+ 35. Kg2 Kg7 36. Ngf2 R8e2 37. Kf3 Re5 38. b3 h5 39. h4 Kf6 40. Rd2 Kf5 41. Nb2 Rb1 42. Nc4 Rxb3+ 43. Kg2 Rc3 44. Nxe5 Kxe5 0-1


[Site "https://www.chess.com"]

[Event "Titled Tuesday Blitz July 25 Early 2023"]
[White "Osmak, Yuliia"]
[Black "Turayev, Shahruh"]
[WhiteFideId "14101602"]
[BlackFideId "14003856"]
[WhiteElo "2508"]
[BlackElo "2707"]
[Result "0-1"]
[Round "6"]
[TimeControl "180+2"]
[Date "2023.07.25"]
[WhiteClock "0:00:00"]
[BlackClock "0:00:17"]
[Board "82"]

1. b3 e5 2. Bb2 Nc6 3. e3 d5 4. Bb5 Bd6 5. Nf3 Qe7 6. d4 e4 7. Ne5 Bd7 8. Bxc6 bxc6 9. c4 Nf6 10. Nxc6 Bxc6 11. c5 Bb5 12. Nc3 Bd3 13. cxd6 cxd6 14. g4 O-O 15. g5 Nd7 16. Nxd5 Qxg5 17. Nf4 Ba6 18. h4 Qf5 19. Rg1 f6 20. Qh5 Qxh5 21. Nxh5 Rf7 22. Rc1 Nb6 23. Nf4 Rc8 24. Kd2 Rfc7 25. Ne6 Re7 26. Nf4 Kf7 27. Ba3 Rd7 28. Bb4 Rxc1 29. Rxc1 g5 30. Nh5 Nd5 31. Ba5 Kg6 32. Ng3 Re7 33. h5+ Kf7 34. Rc6 Bd3 35. Rxd6 Nb6 36. Bxb6 axb6 37. Rxb6 Rc7 38. Nf5 Rc2+ 39. Kd1 Rxf2 40. Rb7+ Ke6 41. Ng7+ Kd6 42. Ne8+ Kc6 43. Rxh7 Kb6 44. h6 f5 45. Rf7 f4 0-1


[Site "https://www.chess.com"]

[Event "Titled Tuesday Blitz July 25 Early 2023"]
[White "Liyanage, Ranindu Dilshan"]
[Black "Koutlas, Nikolaos"]
[WhiteFideId "9915834"]
[BlackFideId "25827138"]
[WhiteElo "2705"]
[BlackElo "2501"]
[Result "0-1"]
[Round "6"]
[TimeControl "180+2"]
[Date "2023.07.25"]
[WhiteClock "0:00:05"]
[BlackClock "0:00:04"]
[Board "83"]

1. e4 c5 2. Nc3 g6 3. f4 Bg7 4. Nf3 Nf6 5. e5 Ng8 6. d4 cxd4 7. Nxd4 Nc6 8. Be3 Nh6 9. Bc4 O-O 10. O-O d6 11. e6 f5 12. h3 Kh8 13. Nf3 Qa5 14. Bb3 Ng8 15. Ng5 h6 16. Nf7+ Kh7 17. Qe1 Nd8 18. Qh4 Nxf7 19. exf7 Nf6 20. Rae1 d5 21. Bd4 Rxf7 22. Kh1 e6 23. Ne2 Bd7 24. g4 Ne4 25. Bxg7 Kxg7 26. Nd4 Qd2 27. c3 g5 28. fxg5 hxg5 29. Nf3 gxh4 30. Nxd2 Nxd2 31. Rf4 Nxb3 32. axb3 Re8 33. gxf5 exf5 34. Rg1+ Kf6 35. Rxh4 Re4 36. Rh6+ Ke7 37. Rd1 Bc6 38. Kh2 Re2+ 39. Kg3 Rg7+ 40. Kf4 Re4+ 41. Kxf5 Rf7+ 42. Kg6 Re6+ 43. Kh5 Rf5+ 44. Kg4 Rxh6 45. Kxf5 Rxh3 46. Rg1 Rh2 47. Ke5 Re2+ 48. Kd4 Rxb2 49. b4 Kd6 50. Rg6+ Kc7 51. Kc5 b6+ 52. Kd4 Rd2+ 53. Ke5 Re2+ 54. Kd4 Re4+ 55. Kd3 Bb5+ 56. Kc2 Kb7 57. Rd6 Bc4 58. Kb2 Re2+ 59. Kc1 a5 60. bxa5 bxa5 61. Rd7+ Kc6 62. Ra7 Kb6 63. Kd1 Kxa7 0-1


[Site "https://www.chess.com"]

[Event "Titled Tuesday Blitz July 25 Early 2023"]
[White "Petrovic, Aleksa"]
[Black "Vaishali, Rameshbabu"]
[WhiteFideId "967629"]
[BlackFideId "5091756"]
[WhiteElo "2500"]
[BlackElo "2699"]
[Result "0-1"]
[Round "6"]
[TimeControl "180+2"]
[Date "2023.07.25"]
[WhiteClock "0:00:30"]
[BlackClock "0:00:15"]
[Board "84"]

1. e4 e5 2. Nf3 Nc6 3. Bc4 Nf6 4. d4 exd4 5. O-O Nxe4 6. Nc3 Nxc3 7. bxc3 Be7 8. Re1 d5 9. Bd3 O-O 10. Nxd4 Bf6 11. Ba3 Re8 12. Qh5 g6 13. Qxd5 Nxd4 14. cxd4 Be6 15. Qxb7 Bxd4 16. Rad1 Qf6 17. Rf1 c5 18. c3 Bxc3 19. Bxc5 Rad8 20. Bxa7 Bd5 21. Qc7 Be5 22. Qc2 Qf4 0-1


[Site "https://www.chess.com"]

[Event "Titled Tuesday Blitz July 25 Early 2023"]
[White "Marek, Matyas"]
[Black "Mmukka"]
[WhiteFideId "335398"]
[WhiteElo "2698"]
[BlackElo "2498"]
[Result "1-0"]
[Round "6"]
[TimeControl "180+2"]
[Date "2023.07.25"]
[WhiteClock "0:00:21"]
[BlackClock "0:00:00"]
[Board "85"]

1. Nf3 Nf6 2. g3 g6 3. Bg2 Bg7 4. O-O O-O 5. d3 d6 6. e4 e5 7. Re1 Nbd7 8. c3 Re8 9. Nbd2 Nf8 10. d4 N6d7 11. b3 exd4 12. cxd4 h6 13. Bb2 Nc5 14. Qc2 Na6 15. a3 c6 16. b4 Nc7 17. Nb3 d5 18. e5 Bf5 19. Qd2 g5 20. Rac1 Nfe6 21. h3 Bg6 22. Nh2 f6 23. Ng4 f5 24. Ne3 f4 25. Ng4 Rf8 26. Rc3 Qe7 27. Nc5 Nxc5 28. bxc5 Ne6 29. Rb3 h5 30. Nf6+ Bxf6 31. exf6 Qxf6 32. Rxb7 f3 33. Bf1 h4 34. Re5 hxg3 35. fxg3 f2+ 36. Kh2 Rae8 37. Rb3 g4 38. h4 Ng7 39. Rbe3 Be4 40. Rg5 Kf7 41. Rxg4 Nf5 42. Rf4 Rg8 43. Qxf2 Ke6 44. Rexe4+ dxe4 45. Bc4+ Kd7 46. Bxg8 e3 47. Rxf5 exf2 48. Rxf6 Re2 49. Kg2 Rxb2 50. Rxf2 Rb3 51. Bxb3 1-0


[Site "https://www.chess.com"]

[Event "Titled Tuesday Blitz July 25 Early 2023"]
[White "Djokic, Mihailo"]
[Black "Rodriguez Fontecha, Marcos"]
[WhiteFideId "976440"]
[BlackFideId "2256576"]
[WhiteElo "2696"]
[BlackElo "2497"]
[Result "1-0"]
[Round "6"]
[TimeControl "180+2"]
[Date "2023.07.25"]
[WhiteClock "0:02:05"]
[BlackClock "0:00:03"]
[Board "86"]

1. e4 e6 2. d4 d5 3. Nc3 Bb4 4. e5 Ne7 5. a3 Bxc3+ 6. bxc3 b6 7. h4 Ba6 8. Bxa6 Nxa6 9. Qg4 Nf5 10. h5 Qd7 11. h6 g6 12. Bg5 Qc6 13. Rh3 Qa4 14. O-O-O Qxa3+ 15. Kd2 c5 16. Bf6 Rg8 17. Nf3 cxd4 18. cxd4 Rc8 19. Ng5 Qb4+ 20. Ke2 Rxc2+ 21. Kf1 Qc4+ 22. Kg1 Rc1 23. Rxc1 Qxc1+ 24. Kh2 Qd2 25. Nxh7 Nxh6 26. Qg5 Qxg5 27. Bxg5 Nf5 28. Nf6+ Kf8 29. Nxg8 Kxg8 30. Bf6 Ng7 31. Rc3 g5 32. Rc8+ Kh7 33. Bxg5 Kg6 34. Bf6 Nf5 35. g4 Nxd4 36. Rg8+ Kh7 37. Rg7+ Kh6 38. Kg3 Ne2+ 39. Kh4 1-0


[Site "https://www.chess.com"]

[Event "Titled Tuesday Blitz July 25 Early 2023"]
[White "Garagulya, Konstantin"]
[Black "Goroshkov, Maksym"]
[WhiteFideId "4128931"]
[BlackFideId "14142716"]
[WhiteElo "2479"]
[BlackElo "2695"]
[Result "1-0"]
[Round "6"]
[TimeControl "180+2"]
[Date "2023.07.25"]
[WhiteClock "0:00:27"]
[BlackClock "0:01:12"]
[Board "87"]

1. d4 Nf6 2. Nf3 d6 3. Nc3 g6 4. e4 Bg7 5. Bc4 O-O 6. e5 dxe5 7. Nxe5 Nc6 8. Nxc6 bxc6 9. O-O Nd5 10. Ne2 Bg4 11. c3 e5 12. dxe5 Bxe5 13. h3 Be6 14. Bb3 Qh4 15. Qd3 Rad8 16. Qf3 Nf6 17. Bxe6 fxe6 18. Qxc6 Rd6 19. Qxc7 Ne4 20. Be3 Nxf2 21. Bxf2 Rxf2 22. Qc8+ Kg7 23. Rxf2 Bh2+ 24. Kxh2 Qxf2 25. Qc7+ Kf6 26. Qxd6 Qxe2 27. Qd4+ e5 28. Qxa7 e4 29. Qd4+ Kf5 30. Rd1 Qxb2 31. Rf1+ Kg5 32. Qe5+ Kh6 33. Qf4+ Kh5 34. Rf2 Qb6 35. g4+ Kh4 36. Qh6# 1-0


[Site "https://www.chess.com"]

[Event "Titled Tuesday Blitz July 25 Early 2023"]
[White "Gubajdullin, Alexei"]
[Black "Lopez, Henry"]
[WhiteFideId "4141202"]
[BlackFideId "5203830"]
[WhiteElo "2693"]
[BlackElo "2477"]
[Result "0-1"]
[Round "6"]
[TimeControl "180+2"]
[Date "2023.07.25"]
[WhiteClock "0:00:43"]
[BlackClock "0:02:00"]
[Board "88"]

1. d4 d5 2. Nf3 Nf6 3. Bf4 c5 4. e3 Nc6 5. Nbd2 Qb6 6. dxc5 Qxc5 7. c4 d4 8. exd4 Nxd4 9. Nb3 Nxb3 10. Qxb3 e6 11. O-O-O Be7 12. Qa4+ Bd7 13. Rxd7 Nxd7 14. Ne5 Qc8 15. Be2 f6 16. Bg4 fxe5 17. Bxe6 Qc6 18. Qxc6 bxc6 19. Bd2 Nc5 20. Bh3 Nd3+ 21. Kc2 Nxf2 22. Re1 Nxh3 23. gxh3 Bf6 24. a4 O-O-O 25. b4 Rd4 26. b5 Rxc4+ 27. Kb2 Rxa4 28. bxc6 Kc7 29. Kb3 Ra6 30. Bb4 Rb8 31. Kc4 Rxc6+ 32. Kb3 a5 0-1


[Site "https://www.chess.com"]

[Event "Titled Tuesday Blitz July 25 Early 2023"]
[White "Liu, Casper"]
[Black "Antonio, Rogelio Jr"]
[WhiteFideId "1454153"]
[BlackFideId "5200032"]
[WhiteElo "2464"]
[BlackElo "2683"]
[Result "1-0"]
[Round "6"]
[TimeControl "180+2"]
[Date "2023.07.25"]
[WhiteClock "0:00:52"]
[BlackClock "0:00:31"]
[Board "89"]

1. e4 c6 2. d4 d5 3. exd5 cxd5 4. Bf4 Qb6 5. Nc3 Nf6 6. Nb5 Na6 7. c3 Bd7 8. a4 e6 9. Nf3 Be7 10. Bd3 O-O 11. a5 Qd8 12. h3 Ne4 13. Qe2 f5 14. Ne5 Be8 15. O-O Nb8 16. f3 Nd6 17. a6 Nxa6 18. Nxd6 Bxd6 19. Bxa6 bxa6 20. Rxa6 Rb8 21. Rxd6 Qxd6 22. Ng6 Qb6 23. Nxf8 Kxf8 24. Bxb8 Bb5 25. Qe5 Bxf1 26. Qd6+ Kf7 27. Qxb6 axb6 28. Kxf1 1-0


[Site "https://www.chess.com"]

[Event "Titled Tuesday Blitz July 25 Early 2023"]
[White "Gorovets, Andrey"]
[Black "Tomaszewski, Kacper"]
[WhiteFideId "13504037"]
[BlackFideId "1127373"]
[WhiteElo "2680"]
[BlackElo "2468"]
[Result "0-1"]
[Round "6"]
[TimeControl "180+2"]
[Date "2023.07.25"]
[WhiteClock "0:00:00"]
[BlackClock "0:00:03"]
[Board "90"]

1. Nf3 Nf6 2. d4 d5 3. g3 e6 4. c4 c5 5. cxd5 cxd4 6. Bg2 Bc5 7. dxe6 Bxe6 8. Nbd2 Nc6 9. Nb3 Bb4+ 10. Bd2 d3 11. O-O O-O 12. Bxb4 dxe2 13. Qxe2 Nxb4 14. Rfd1 Qb6 15. Nfd4 Bd5 16. Qb5 Bxg2 17. Kxg2 Rfc8 18. Qxb6 axb6 19. a3 Nc2 20. Rac1 Nxd4 21. Rxd4 Kf8 22. Rd6 Rxc1 23. Nxc1 Ra6 24. Rd8+ Ke7 25. Rb8 Ra7 26. Ne2 Nd7 27. Rh8 h6 28. Nd4 Ra5 29. Kf3 Ne5+ 30. Ke4 Nc4 31. Rb8 Kf6 32. b4 Rxa3 33. Kd5 Nb2 34. Rxb7 Na4 35. f4 Ra2 36. h4 Ra3 37. Nc6 Rxg3 38. Ne5 Nc3+ 39. Kc4 Ke6 40. Nxf7 Ne4 41. Nd8+ Kf5 42. Rxb6 Kxf4 43. Ne6+ Kf3 44. Nd4+ Kf2 45. Rb8 g5 46. hxg5 hxg5 47. b5 Rc3+ 48. Kd5 Nf6+ 49. Ke5 Nd7+ 0-1


[Site "https://www.chess.com"]

[Event "Titled Tuesday Blitz July 25 Early 2023"]
[White "Devaev, Alexander"]
[Black "Skliarov, Viktor"]
[WhiteFideId "4169395"]
[BlackFideId "14106736"]
[WhiteElo "2459"]
[BlackElo "2678"]
[Result "1/2-1/2"]
[Round "6"]
[TimeControl "180+2"]
[Date "2023.07.25"]
[WhiteClock "0:00:41"]
[BlackClock "0:00:36"]
[Board "91"]

1. d4 Nf6 2. c4 e6 3. Nf3 b6 4. a3 Bb7 5. Nc3 Be7 6. Qc2 d5 7. Bg5 O-O 8. Bxf6 Bxf6 9. cxd5 exd5 10. Rd1 c6 11. e3 Ba6 12. Bxa6 Nxa6 13. O-O b5 14. Ne2 Rc8 15. Nf4 Qd6 16. Nd3 Nc7 17. Rc1 Ne6 18. Nc5 Nxc5 19. Qxc5 Qd7 20. Qc2 a5 21. Rfd1 a4 22. Rd3 Rc7 23. Rc3 Rfc8 24. b3 axb3 25. Qxb3 Ra8 26. g3 h6 27. Kg2 Ra6 28. Qc2 Ra4 29. Rb1 Rc4 30. Nd2 Rxc3 31. Qxc3 Ra7 32. Rb3 Be7 33. Qc1 Qd6 34. Rc3 1/2-1/2


[Site "https://www.chess.com"]

[Event "Titled Tuesday Blitz July 25 Early 2023"]
[White "Shuvalova, Polina"]
[Black "whiteglovethief"]
[WhiteFideId "24171760"]
[WhiteElo "2663"]
[BlackElo "2463"]
[Result "1-0"]
[Round "6"]
[TimeControl "180+2"]
[Date "2023.07.25"]
[WhiteClock "0:01:00"]
[BlackClock "0:00:00"]
[Board "92"]

1. f4 d5 2. g3 h5 3. Nf3 h4 4. Rg1 hxg3 5. hxg3 Nf6 6. b3 Bg4 7. Bb2 Nc6 8. Ne5 e6 9. Nxg4 Nxg4 10. Nc3 d4 11. Ne4 f5 12. Ng5 Qd5 13. c4 dxc3 14. Bxc3 Bc5 15. e3 Rh1 16. Rxh1 Qxh1 17. Qf3 Qxf3 18. Nxf3 g6 19. Bc4 Ke7 20. Ke2 Bb4 21. Bb2 Na5 22. Bd3 Rd8 23. Rh1 Rf8 24. a3 Bd6 25. b4 Nc6 26. Ng5 Nf6 27. Rh6 Rg8 28. Bc4 1-0


[Site "https://www.chess.com"]

[Event "Titled Tuesday Blitz July 25 Early 2023"]
[White "Haug, Havard"]
[Black "Dinu, Dumitru-Daniel"]
[WhiteFideId "1547887"]
[BlackFideId "1208403"]
[WhiteElo "2659"]
[BlackElo "2458"]
[Result "1/2-1/2"]
[Round "6"]
[TimeControl "180+2"]
[Date "2023.07.25"]
[WhiteClock "0:00:03"]
[BlackClock "0:00:06"]
[Board "93"]

1. e4 c5 2. c3 d5 3. exd5 Qxd5 4. d4 g6 5. Nf3 Bg7 6. Nbd2 cxd4 7. Bc4 Qc5 8. cxd4 Qc7 9. O-O Nf6 10. Ne5 O-O 11. Ndf3 Nc6 12. Qe2 Bg4 13. Be3 Nxe5 14. dxe5 Bxf3 15. Qxf3 Qxe5 16. Qxb7 Ng4 17. g3 Nxe3 18. fxe3 Qxe3+ 19. Kg2 Rab8 20. Rxf7 Rxb7 21. Rf3+ Kh8 22. Rxe3 Rxb2+ 23. Kh3 Rb4 24. Rd1 Rxc4 25. Rxe7 Rd4 26. Rc1 Bf6 27. Rxa7 h5 28. Rcc7 Rd2 29. Rh7+ Kg8 30. Rh6 Rf7 31. Rxg6+ Kf8 32. Ra8+ Ke7 33. Rh6 h4 34. a4 hxg3 35. hxg3 Be5 36. Rb6 Rd3 37. Rb7+ Kf6 38. Ra6+ Rd6 39. Rxf7+ Kxf7 40. Ra5 Bf6 41. Rb5 Rd3 42. a5 Ke6 43. Kg4 Ra3 44. Kf4 Be7 45. g4 Bd6+ 46. Kg5 Ra4 47. Kh5 Be7 48. g5 Ra1 49. Kg6 Rg1 50. a6 Ra1 51. Rb6+ Bd6 52. Kg7 Ra2 53. g6 Kd7 54. Rb7+ Kc6 55. Rb3 Rxa6 56. Kh7 Ra7+ 57. Kg8 Be5 58. Re3 Kd6 59. Re1 Rg7+ 60. Kf8 Rxg6 61. Kf7 Rf6+ 62. Kg8 Ke6 63. Kh7 Rf7+ 64. Kg6 Rg7+ 65. Kh6 Rg3 66. Rf1 Rg2 67. Kh5 Bf6 68. Rf3 Rg5+ 69. Kh6 Rg4 70. Kh5 Rh4+ 71. Kg6 Rg4+ 72. Kh5 Rg8 73. Rf1 Kf7 74. Rf3 Rg1 75. Rf2 Rg3 76. Rf4 Rg5+ 77. Kh4 Rg1+ 78. Kh3 Kg6 79. Rf3 Kf7 80. Rg3 Rf1 81. Kg2 Rf5 82. Rf3 Rg5+ 83. Rg3 Rd5 84. Rf3 Ke6 85. Kg3 Be5+ 86. Kg4 Rd4+ 87. Kg5 Re4 88. Rf1 Re2 89. Kg4 Rg2+ 90. Kf3 Rg3+ 91. Ke2 Ra3 92. Rf3 Ra2+ 93. Kf1 Bd4 94. Rg3 Kd5 95. Rg2 Ra1+ 96. Ke2 Ra2+ 97. Kf3 Ra3+ 98. Ke2 Ke4 99. Rg4+ Kd5 100. Rg2 Be5 101. Kf1 Ke4 102. Re2+ Kf5 103. Kg2 Bf4 104. Rc2 Kg4 105. Kf2 Rh3 106. Ke2 Re3+ 107. Kf2 Re4 108. Re2 Bg3+ 109. Kf1 Rf4+ 110. Kg2 Rb4 1/2-1/2


[Site "https://www.chess.com"]

[Event "Titled Tuesday Blitz July 25 Early 2023"]
[White "Oleksiyenko, Mykhaylo"]
[Black "Vivas Zamora, Fabian Ernesto"]
[WhiteFideId "4152417"]
[BlackFideId "3902480"]
[WhiteElo "2659"]
[BlackElo "2451"]
[Result "1-0"]
[Round "6"]
[TimeControl "180+2"]
[Date "2023.07.25"]
[WhiteClock "0:00:06"]
[BlackClock "0:00:00"]
[Board "94"]

1. e4 e5 2. Nf3 Nc6 3. Bb5 Nf6 4. O-O Nxe4 5. d4 Nd6 6. dxe5 Nxb5 7. a4 Nbd4 8. Nxd4 d5 9. c3 Be7 10. f4 O-O 11. Be3 f6 12. Nxc6 bxc6 13. Nd2 Ba6 14. Rf2 fxe5 15. fxe5 Qd7 16. Nb3 Qe6 17. Qd4 Bc4 18. Nc5 Bxc5 19. Qxc5 Qxe5 20. Bd4 Qe6 21. Rxf8+ Rxf8 22. Qxa7 Qf7 23. h3 Bd3 24. Qc5 Qg6 25. Kh2 Be4 26. Rg1 Rf1 27. Be5 h5 28. Bxc7 Qf7 29. Bg3 Rxg1 30. Qxg1 Qb7 31. b4 Qa6 32. a5 Qd3 33. Qf2 Qxc3 34. a6 Qa3 35. a7 Kh7 36. Be5 c5 37. bxc5 d4 38. Qxd4 1-0


[Site "https://www.chess.com"]